 Dungeon Crawl Stone Soup version 0.23-a0-171-g5ae17c6 (webtiles) character file.

25 Inarius the Skirmisher (level 2, -2/24 HPs)
             Began as a Mummy Fighter on Sept 14, 2018.
             Killed by divine providence
             ... invoked by an orc priest
              (16 damage)
             ... on level 2 of the Dungeon.
             The game lasted 00:01:15 (839 turns).

Inarius the Skirmisher (Mummy Fighter)               Turns: 839, Time: 00:01:16

Health: -2/24      AC:  7    Str: 19    XL:     2   Next: 86%
Magic:  2/2        EV:  7    Int:  7    God:
Gold:   70         SH:  9    Dex: 11    Spells: 1/1 levels left

rFire    x . .     SeeInvis .   k - +2 dagger (pain)
rCold    + + .     Gourm    .   c - +0 shield
rNeg     + + +     Faith    .   b - +0 scale mail
rPois    ∞         Spirit   .   (no helmet)
rElec    .         Reflect  .   f - +0 cloak
rCorr    .         Harm     .   (no gloves)
MR       .....                  (no boots)
Stlth    ..........             (no amulet)
HPRegen  0.08/turn              i - ring of protection from cold
MPRegen  0.08/turn              (no ring)

@: no status effects
A: no food or potions, fire vulnerability, cold resistance 1, negative energy
resistance 3, torment resistance, unbreathing
a: no special abilities


You were on level 2 of the Dungeon.
You were not hungry.

You visited 1 branch of the dungeon, and saw 2 of its levels.

You collected 70 gold pieces.

Inventory:

Hand Weapons
 a - a +0 long sword
 k - a +2 dagger of pain (weapon)
Armour
 b - a +0 scale mail (worn)
 c - a +0 shield (worn)
 f - a +0 cloak (worn)
Jewellery
 i - a ring of protection from cold (left hand)
Scrolls
 d - a scroll of magic mapping {unknown}
 e - a scroll of remove curse {unknown}
 g - 2 scrolls of identify {unknown}
 h - 2 scrolls of teleportation {unknown}


   Skills:
 * Level 3.5 Fighting
 - Level 1.5 Long Blades
 + Level 2.6 Armour
 + Level 2.8 Shields


You had one spell level left.
You didn't know any spells.
Your spell library was empty.

Dungeon Overview and Level Annotations

Branches:
Dungeon (2/15)

Altars:


Innate Abilities, Weirdness & Mutations

You do not eat or drink.
Your flesh is vulnerable to fire.
You are immune to poison.
Your flesh is cold resistant. (rC+)
You are immune to negative energy. (rN+++)
You are immune to unholy pain and torment.
You can survive without breathing.


Message History

No target in view!
No target in view!
No target in view!
No target in view!
No target in view!
You see here a dagger.
An orc priest comes into view.
The orc priest shouts!
You hear a shout! x2
The orc priest calls down the wrath of Beogh upon you.
Beogh smites you!
You hear a shout!
An orc priest is nearby!
An orc priest is nearby!
An orc priest is nearby! 3 orcs and an orc wizard come into view.
The orc shouts! x2
The orc priest calls down the wrath of Beogh upon you.
Beogh smites you!
Ouch! That really hurt!
You die...

#.# #.#.# #.#
#.#.###
###########.#
#.#...#
#...........#
#.###.#
#.#############
#.# #.# ..# #.#
#.#
#######.#######
#.# #.#
.oooo.o........
#.# #.#
#@##############.#
#.#
#................#
#.#
##################
#.# #.# #.# ####.#
.....# ####.#


You could see an orc priest, an orc wizard and 3 orcs.

Vanquished Creatures
  A ball python (D:1)
  2 giant cockroaches (D:1)
  2 goblins (D:1)
  3 hobgoblins
  6 kobolds
  4 bats (D:1)
  3 frilled lizards
  5 rats
26 creatures vanquished.

Notes
Turn   | Place    | Note
-------+----------+-------------------------------------------
     0 | D:1      | Inarius the Mummy Fighter began the quest for the Orb.
     0 | D:1      | Reached XP level 1. HP: 18/18 MP: 1/1
   159 | D:1      | Reached XP level 2. HP: 22/24 MP: 2/2
   839 | D:2      | Killed from afar by an orc priest

Vault maps used:
D:1:      minmay_arrival_stone_box
D:2:      nicolae_qazlal_general_emergency

Action                   || total
-------------------------++-------
Melee: Long sword        ||    61
       Dagger            ||    17
Armor: Scale mail        ||    43
Dodge: Dodged            ||    41
Block: Shield            ||    46
       Rpst.: Long sword ||    12

Table legend:
 A = Non-vault XP
 B = Vault XP
 C = Vault XP percentage of total XP
 D = Non-vault monster count
 E = Vault monster count
 F = Vault count percentage of total count
                 A         B        C        D         E       F
            +---------+---------+-------+---------+---------+-------
      Total |      37 |       0 |   0.0 |      26 |       0 |   0.0
            +---------+---------+-------+---------+---------+-------
        D:1 |      31 |       0 |   0.0 |      21 |       0 |   0.0
        D:2 |       6 |       0 |   0.0 |       5 |       0 |   0.0
            +---------+---------+-------+---------+---------+-------
